 Dungeon Crawl Stone Soup version 0.26-a0-649-gf8c6c3aab7 (webtiles) character file.

Game seed: 370894641969310743

28965 nomicflux the Thaumaturge (level 13, -16/76 HPs)
             Began as a Deep Elf Conjurer on Sept 26, 2020.
             Was an Elder of Sif Muna.
             Demolished by a +0 great sword of chaos (38 damage)
             ... on level 4 of the Lair of Beasts.
             The game lasted 00:53:58 (20544 turns).

nomicflux the Thaumaturge (Deep Elf Conjurer)      Turns: 20544, Time: 00:53:58

Health: -16/76     AC:  8    Str:  5    XL:     13   Next: 12%
Magic:  26/33      EV: 18    Int: 34    God:    Sif Muna [****..]
Gold:   1230       SH:  5    Dex: 13    Spells: 5/41 levels left

rFire    x . .     SeeInvis .   b - +1 dagger (venom)
rCold    + . .     Faith    .   (no shield)
rNeg     . . .     Spirit   .   a - +1 robe
rPois    .         Reflect  +   (no helmet)
rElec    .         Harm     .   n - +2 cloak
rCorr    .         Rampage  .   H - +0 pair of gloves
MR       +....                  E - +0 pair of boots
Stlth    ++........             i - amulet of reflection
HPRegen  0.22/turn              g - ring of ice
MPRegen  0.23/turn              m - +6 ring of intelligence

@: lethally poisoned (-16 -> -31)
A: no striking features
a: Channel Magic, Forget Spell, Divine Exegesis, Renounce Religion


You were on level 4 of the Lair of Beasts.
You worshipped Sif Muna.
Sif Muna was greatly pleased with you.
You visited 3 branches of the dungeon, and saw 16 of its levels.
You also visited: Sewer and Ice Cave.

You collected 1230 gold pieces.

Inventory:

Hand Weapons
 b - a +1 dagger of venom (weapon)
 t - a +2 long sword of holy wrath
 G - a +1 shortbow of freezing
Missiles
 v - 168 arrows
Armour
 a - a +1 robe (worn)
 n - a +2 cloak (worn)
 y - a scarf of invisibility
 E - a +0 pair of boots (worn)
 H - a +0 pair of gloves (worn)
 M - +0 ice dragon scales
Jewellery
 g - a ring of ice (left hand)
 i - an amulet of reflection (around neck)
 m - a +6 ring of intelligence (right hand)
 p - an uncursed amulet of regeneration
 q - a +4 ring of protection
 z - a +6 ring of strength
 B - an uncursed ring of resist corrosion
 O - a +6 ring of strength
 P - a +6 ring of intelligence
Wands
 e - a wand of polymorph (8)
 u - a wand of disintegration (53)
 J - a wand of paralysis (7)
 L - a wand of digging (2)
 R - a wand of flame (19)
Scrolls
 c - 2 scrolls of fog
 f - 2 scrolls of immolation
 h - 15 scrolls of teleportation
 k - 5 scrolls of identify
 x - 2 scrolls of magic mapping
 A - 2 scrolls of blinking
 C - 3 scrolls of remove curse
 D - a scroll of amnesia
 I - 2 scrolls of silence
 Q - 4 scrolls of vulnerability
Potions
 d - 3 potions of heal wounds
 j - a potion of lignification
 l - 4 potions of curing
 o - 4 potions of flight
 r - 2 potions of brilliance
 s - 5 potions of haste
 w - 3 potions of mutation
 F - 2 potions of resistance
 K - a potion of invisibility
 N - 2 potions of ambrosia


   Skills:
 + Level 7.2 Fighting
 - Level 10.0 Dodging
 - Level 2.4 Stealth
 + Level 14.8 Spellcasting
 + Level 11.8 Conjurations
 - Level 4.3 Hexes
 + Level 8.6 Summonings
 - Level 4.0 Translocations
 - Level 7.0 Invocations


You had 5 spell levels left.
You knew the following spells:

 Your Spells              Type           Power        Failure   Level
a - Magic Dart            Conj           ####         0%          1
b - Searing Ray           Conj           ######       1%          2
c - Fulminant Prism       Conj/Hex       ######....   1%          4
d - Iskenderun's Mystic   Conj/Tloc      ######..     1%          4
e - Gell's Gravitas       Tloc           ######....   1%          3
f - Summon Guardian Gole  Hex/Summ       ######..     1%          3
g - Call Canine Familiar  Summ           ######..     1%          3
h - Summon Lightning Spi  Summ/Air       ######..     2%          4
i - Bolt of Magma         Conj/Fire/Erth ######....   9%          5
j - Orb of Destruction    Conj           #######...   11%         7

Your spell library contained the following spells:

 Spells                   Type           Power        Failure   Level
 Animate Skeleton         Necr           ####..       1%          1
 Apportation              Tloc           ######       1%          1
 Corona                   Hex            ######.      1%          1
 Summon Small Mammal      Summ           ####         1%          1
 Blink                    Tloc           N/A          1%          2
 Call Imp                 Summ           ######..     1%          2
 Slow                     Hex            ######..     1%          2
 Confusing Touch          Hex            ######..     1%          3
 Conjure Flame            Conj/Fire      ######..     1%          3
 Dazzling Flash           Conj/Hex       ######       1%          3
 Mephitic Cloud           Conj/Pois/Air  ######..     1%          3
 Portal Projectile        Hex/Tloc       ######       1%          3
 Teleport Other           Tloc           ######..     1%          3
 Iskenderun's Battlesphe  Conj           #######.     1%          5
 Cause Fear               Hex            ######....   2%          4
 Summon Ice Beast         Ice/Summ       ######..     2%          4
 Summon Mana Viper        Hex/Summ       ######..     3%          5
 Petrify                  Tmut/Erth      ####....     16%         4
 Metabolic Englaciation   Hex/Ice        ######....   19%         5
 Yara's Violent Unravell  Hex/Tmut       #####.....   19%         5
 Spellforged Servitor     Conj/Summ      #######...   21%         7
 Iron Shot                Conj/Erth      ######....   22%         6


Dungeon Overview and Level Annotations

Branches:
Dungeon (11/15)            Temple (1/1) D:5            Lair (4/6) D:9
  Swamp (0/4) Lair:4       Spider (0/4) Lair:4        Sewer (visited)
  IceCv (visited)
    Orc: D:9-12

Altars:
Ashenzari
Cheibriados
Dithmenos
Elyvilon
Fedhas
Gozag
Hepliaklqana
Kikubaaqudgha
Makhleb
Nemelex Xobeh
Okawaru
Qazlal
Ru
Sif Muna
Trog
Uskayaw
Vehumet
Wu Jian
Xom
Yredelemnul
Zin
The Shining One

Annotations:
Lair:4 Kuerar's ghost, journeyman BaFi


Message History

You feel sick.
Your warg bites Kuerar's ghost but does no damage.
You feel sick.
Casting: Searing Ray (safe; 1% risk of failure)
Confirm with . or Enter, or press ? or * to list all spells.
Okay, then.
You feel sick.
You block the +0 great sword of chaos's attack.
Your warg completely misses Kuerar's ghost.
You feel sick.
Your warg bites Kuerar's ghost but does no damage.
Your lightning spire shoots out a bolt of lightning at Kuerar's ghost!
The bolt of electricity hits the +0 great sword of chaos.
The +0 great sword of chaos completely resists.
The bolt of electricity hits Kuerar's ghost but does no damage.
You feel sick.
Your lightning spire disappears in a puff of smoke!
The +0 great sword of chaos hits you!!!
Ouch! That really hurt!
You die...

,*** ######..#* ,,,* #.#....#*
*,.** #.P...** *,..*#**
###...##### *,...#.###.#..?....#
*,.....#..........##
##................### *##
#.................#.#########.#
#...##.....§....@.#.#..#.#.#.##**
...*,####'##....(..............,,
...*** #!_.#....8.W..≈≈≈.≈≈≈...,,
...,## ##.##......h.≈.≈≈.≈≈.≈..,,
...#.# ###....##..#≈≈.≈.≈.≈≈.#**
...<## #....#######≈≈≈...≈≈≈## *
.....# #(..#* ##.#.....>.....##
.....## #...####....≈≈≈...≈≈≈..#
......####....#.....≈≈.≈.≈.≈≈..##


You could see a +0 great sword of chaos, Kuerar's ghost (unaware), a friendly
guardian golem (summoned) and a friendly warg (summoned, sheltered, very
poisoned).

Vanquished Creatures
  Harold (D:8)
  A hydra (Lair:3)
  A two-headed ogre (D:11)
  A manticore (D:10)
  2 cyclopes
  2 ice statues (IceCv)
  Joseph (Lair:1)
  A gargoyle (D:11)
  A rime drake (Lair:1)
  3 cane toads
  4 komodo dragons
  A jumping spider (Lair:4)
  9 polar bears (IceCv)
  A troll (D:9)
  A hornet (D:10)
  4 blink frogs (Lair:4)
  5 hippogriffs
  A redback (Lair:4)
  A wyvern (Lair:2)
  36 yaks
  2 basilisks (D:9)
  4 soldier ants (D:11)
  9 water moccasins
  11 porcupines
  2 ice beasts
  An orc warrior (D:7)
  2 eyes of draining
  4 ogres
  2 sky beasts
  11 black bears
  3 centaurs
  5 wolves (IceCv)
  8 crocodiles
  A big kobold (D:9)
  9 bullfrogs
  A gnoll sergeant (D:10)
  A wyvern skeleton (D:11)
  5 scorpions
  10 killer bees
  9 wights
  4 howler monkeys
  2 electric eels
  3 bullfrog zombies
  A jelly (D:10)
  2 centaur zombies
  2 bullfrog skeletons
  6 orc priests
  6 hounds
  A gnoll shaman (D:8)
  2 iguanas
  A merfolk siren (Sewer)
  14 orc wizards
  A merfolk avatar (Sewer)
  22 worker ants
  2 killer bee zombies
  2 hound skeletons
  A worker ant zombie (D:11)
  2 howler monkey zombies
  15 gnolls
  2 river rats (Sewer)
  13 adders
  2 shadow imps
  2 white imps (D:7)
  An ufetubus (D:10)
  An ooze (D:1)
  2 adder skeletons
  3 worms
  3 dart slugs (D:1)
  8 leopard geckos
  35 orcs
  6 giant cockroaches
  9 goblins
  4 hobgoblins
  8 jackals
  4 quokkas
  6 ball pythons
  9 bats
  8 frilled lizards
  17 kobolds
  A leopard gecko skeleton (D:7)
  A quokka skeleton (D:8)
  A quokka zombie (D:4)
  29 rats
441 creatures vanquished.

Vanquished Creatures (collateral kills)
  A frost giant (IceCv)
  A queen ant (D:11)
  A cane toad (Lair:1)
  A jumping spider (Lair:4)
  6 polar bears (IceCv)
  10 yaks
  A porcupine (Lair:1)
  3 wolves (IceCv)
  A worker ant (D:11)
25 creatures vanquished.

Vanquished Creatures (others)
  127 fulminant prisms
  22 fungi
  37 plants
186 creatures vanquished.

Grand Total: 652 creatures vanquished

Notes
Turn   | Place    | Note
-------+----------+-------------------------------------------
     0 | D:1      | nomicflux the Deep Elf Conjurer began the quest for the
                  | Orb.
     0 | D:1      | Reached XP level 1. HP: 10/10 MP: 6/6
   479 | D:1      | Reached XP level 2. HP: 15/15 MP: 5/8
   611 | D:1      | Learned a level 2 spell: Searing Ray
   948 | D:1      | Reached skill level 4 in Spellcasting
  1001 | D:1      | Reached skill level 5 in Conjurations
  1001 | D:1      | Reached XP level 3. HP: 19/19 MP: 6/10
  1882 | D:2      | Found a hide-covered altar of Uskayaw.
  2622 | D:3      | Reached XP level 4. HP: 24/24 MP: 8/12
  2628 | D:3      | Learned a level 4 spell: Fulminant Prism
  2633 | D:3      | Learned a level 4 spell: Iskenderun's Mystic Blast
  2736 | D:3      | Reached skill level 5 in Spellcasting
  2957 | D:3      | Reached XP level 5. HP: 28/28 MP: 11/14
  3748 | D:4      | Found a bloodstained altar of Trog.
  3814 | D:4      | Found a hazy altar of Hepliaklqana.
  3823 | D:4      | Found a white marble altar of Elyvilon.
  3920 | D:4      | Reached skill level 6 in Spellcasting
  4029 | D:4      | Found a burning altar of Makhleb.
  4056 | D:5      | Entered Level 5 of the Dungeon
  4061 | D:5      | Found a staircase to the Ecumenical Temple.
  4074 | Temple   | Entered the Ecumenical Temple
  4120 | Temple   | Became a worshipper of Sif Muna the Loreminder
  4428 | D:5      | Found a glowing drain.
  4504 | Sewer    | Entered a sewer
  4507 | Sewer    | Reached XP level 6. HP: 32/32 MP: 15/17
  4519 | Sewer    | Learned a level 3 spell: Gell's Gravitas
  4648 | Sewer    | Reached * piety under Sif Muna
  4769 | Sewer    | Reached skill level 1 in Translocations
  5068 | D:5      | Found a stormy altar of Qazlal.
  5295 | D:5      | Found a radiant altar of Vehumet.
  5317 | D:5      | Reached skill level 7 in Spellcasting
  5317 | D:5      | Reached XP level 7. HP: 27/36 MP: 14/19
  5358 | D:5      | Reached ** piety under Sif Muna
  5820 | D:6      | Found a shimmering altar of Xom.
  6178 | D:6      | Found an ornate altar of the Wu Jian Council.
  6370 | D:6      | Reached skill level 8 in Spellcasting
  6785 | D:7      | Reached skill level 1 in Hexes
  6785 | D:7      | Reached XP level 8. HP: 41/41 MP: 11/22
  7148 | D:7      | Reached skill level 9 in Spellcasting
  7629 | D:7      | Reached skill level 1 in Invocations
  7770 | D:7      | Noticed a hippogriff
  7778 | D:7      | Killed a hippogriff
  8067 | D:8      | Noticed Harold
  8073 | D:8      | Reached XP level 9. HP: 45/45 MP: 16/24
  8077 | D:8      | Killed Harold
  8077 | D:8      | Reached skill level 10 in Spellcasting
  8087 | D:8      | Reached *** piety under Sif Muna
  8437 | D:8      | Reached skill level 10 in Conjurations
  8510 | D:8      | Reached skill level 11 in Spellcasting
  8524 | D:8      | Found a snail-covered altar of Cheibriados.
  8610 | D:8      | Found a basalt altar of Yredelemnul.
  8844 | D:9      | Reached skill level 5 in Invocations
  8862 | D:9      | Reached skill level 1 in Fighting
  9052 | D:9      | Reached XP level 10. HP: 53/53 MP: 2/27
  9190 | D:9      | Reached **** piety under Sif Muna
  9328 | D:9      | Found a glowing silver altar of Zin.
  9794 | D:9      | Reached skill level 5 in Dodging
  9901 | D:9      | Found a staircase to the Lair.
 10049 | D:9      | Reached skill level 12 in Spellcasting
 10409 | D:9      | Found a broken altar of Ashenzari.
 10636 | D:10     | Entered Level 10 of the Dungeon
 10645 | D:10     | Learned a level 3 spell: Summon Guardian Golem
 10649 | D:10     | Learned a level 3 spell: Call Canine Familiar
 10654 | D:10     | Learned a level 4 spell: Summon Lightning Spire
 10945 | D:10     | Reached skill level 1 in Summonings
 11020 | D:10     | Noticed a manticore
 11029 | D:10     | Noticed a cyclops
 11035 | D:10     | Killed a manticore
 11052 | D:10     | Killed a cyclops
 11258 | D:10     | Reached XP level 11. HP: 61/61 MP: 10/29
 11911 | D:11     | Reached ***** piety under Sif Muna
 12124 | D:11     | Received a gift from Sif Muna
 12491 | D:11     | Noticed a two-headed ogre
 12502 | D:11     | Reached skill level 13 in Spellcasting
 12685 | D:11     | Killed a two-headed ogre
 12685 | D:11     | Reached skill level 5 in Fighting
 12685 | D:11     | Reached skill level 5 in Summonings
 12878 | D:11     | Learned a level 5 spell: Bolt of Magma
 12886 | D:11     | Learned a level 7 spell: Orb of Destruction
 13129 | D:11     | Noticed a queen ant
 13152 | D:11     | Killed a queen ant
 14793 | Lair:1   | Entered Level 1 of the Lair of Beasts
 14999 | Lair:1   | Noticed Joseph
 15007 | Lair:1   | Killed Joseph
 15244 | Lair:1   | Identified Sif Muna's Papyrus of Curses and Orientation
                  | (Sif Muna gifted it to you on level 1 of the Lair of
                  | Beasts)
 15244 | Lair:1   | Received a gift from Sif Muna
 15252 | Lair:1   | Reached XP level 12. HP: 68/69 MP: 22/31
 15674 | Lair:1   | Found an opulent altar of Gozag.
 17003 | Lair:3   | Noticed a four-headed hydra
 17010 | Lair:3   | Killed a four-headed hydra
 17155 | Lair:3   | Reached skill level 14 in Spellcasting
 18326 | Lair:4   | Found a frozen archway.
 18349 | IceCv    | Entered an ice cave
 18729 | IceCv    | Reached skill level 10 in Dodging
 19508 | IceCv    | Noticed a frost giant
 19555 | IceCv    | Killed a frost giant
 19682 | IceCv    | Reached XP level 13. HP: 74/76 MP: 22/33
 20122 | Lair:4   | Found a staircase to the Swamp.
 20386 | Lair:4   | Found a hole to the Spider Nest.
 20511 | Lair:4   | Found a runed translucent door.
 20511 | Lair:4   | Found a shimmering altar of Xom.
 20511 | Lair:4   | Noticed Kuerar's ghost (journeyman BaFi)
 20544 | Lair:4   | Demolished by a +0 great sword of chaos

Illustrated notes

Levels and vault maps discovered:
D:1:      eino_arrival_tree_alley, layout_loops_corners
D:2:      layout_basic, lemuel_doored_altar
D:3:      minmay_spotlight, layout_basic, grunt_ministairs_2
D:4:      layout_rooms, lemuel_coloured_pillars_altar, lightli_temple_of_fire,
          chequers_temple_overflow_statue_of_worship
D:5:      layout_loops_ring, vehumet_crystals, grunt_qazlal_sundering,
          minmay_temple_entry_offerings, portal_sewer_entry_a,
          serial_bayou_lagoon_a
D:6:      layout_basic, overflow_temple_1_default, overflow_temple_1_default
D:7:      layout_basic
D:8:      layout_rooms, old_standard_altar, basic_altar, uniq_harold
D:9:      layout_long_grid, old_standard_altar, zin_statuary,
          minmay_lair_entry_grove
D:10:     layout_irregular_city, minmay_bent
D:11:     layout_rooms, minivault_4, minmay_another_anthill
Temple:   jpeg_temple_alley_garden
Lair:1:   layout_regular_city, basic_altar, minmay_holes, beast_lair_carwin_11,
          uniq_joseph
Lair:2:   layout_chaotic_city
Lair:3:   layout_chaotic_city, lemuel_fruit_tree
Lair:4:   layout_cave_pods, swamp_mist_pool, spider_nest_entry_a,
          portal_ice_cave_entry_pillars_1, ebering_ghost_xom

Skill      XL: |  1  2  3  4  5  6  7  8  9 10 11 12 |
---------------+-------------------------------------+-----
Spellcasting   | 4 5 6 7 8 9 11 12 13 14 | 14.8
Conjurations   | 5 6 7 9 10 11 | 11.8
Translocations | 2 4 |  4.0
Hexes          | 1 4 |  4.3
Invocations    | 2 5 7 |  7.0
Fighting       | 1 4 5 7 |  7.2
Dodging        | 3 6 8 10 | 10.0
Summonings     | 3 6 8 |  8.6
Stealth        | |  2.4

Action                   |  1- 3 |  4- 6 |  7- 9 | 10-12 | 13-15 || total
-------------------------+-------+-------+-------+-------+-------++-------
Melee: Dagger            |       |     5 |       |    11 |       ||    16
       Long sword        |       |       |    11 |     3 |       ||    14
 Cast: Magic Dart        |    72 |    45 |    37 |    40 |       ||   194
       Searing Ray       |     4 |    39 |    48 |   137 |     8 ||   236
       Fulminant Prism   |       |     1 |    21 |    98 |     7 ||   127
       Iskenderun's Myst |       |       |     3 |    39 |     5 ||    47
       Gell's Gravitas   |       |       |     3 |     4 |     1 ||     8
       Summon Lightning  |       |       |       |    18 |     3 ||    21
       Call Canine Famil |       |       |       |    10 |     1 ||    11
       Summon Guardian G |       |       |       |     8 |     1 ||     9
       Bolt of Magma     |       |       |       |     1 |       ||     1
Invok: Channel Magic     |       |       |       |     1 |       ||     1
  Use: Scroll            |       |    15 |     4 |     9 |     1 ||    29
       Potion            |       |       |       |       |     3 ||     3
Armor: Robe              |     3 |     8 |    11 |    37 |     2 ||    61
Dodge: Dodged            |     3 |    16 |    21 |   118 |    14 ||   172
Block: Other             |       |     2 |     7 |    33 |     7 ||    49
       Reflection        |       |       |     2 |       |       ||     2
       Rpst.: Long sword |       |       |     7 |     5 |       ||    12

Table legend: (Time is in decaauts)
 A = Elapsed time spent in this place.
 B = Non-inter-level travel time spent in this place.
 C = Inter-level travel time spent in this place.
 D = Time resting spent in this place.
 E = Time spent auto-exploring this place.
 F = Levels seen in this place.
 G = Mean time per level.
                   A        B        C        D        E       F      G
               +--------+--------+--------+--------+--------+-----+--------+
         Total |  20610 |  19912 |    698 |   3051 |  12568 |  18 | 1145.0 |
       Dungeon |  14126 |  13570 |    556 |   1886 |   9157 |  11 | 1284.2 |
        Temple |    208 |    180 |     28 |      0 |    124 |   1 |  208.0 |
          Lair |   4053 |   3940 |    113 |    179 |   3049 |   4 | 1013.2 |
         Sewer |    521 |    521 |      0 |    188 |      1 |   1 |  521.0 |
      Ice Cave |   1699 |   1699 |      0 |    798 |    237 |   1 | 1699.0 |
               +--------+--------+--------+--------+--------+-----+--------+

Top non-repeatable levels by time:
   IceCv: 1699 daAuts
    D:11: 1664 daAuts
     D:9: 1589 daAuts
     D:1: 1547 daAuts
    D:10: 1534 daAuts
  Lair:1: 1337 daAuts
     D:7: 1331 daAuts
  Lair:3: 1315 daAuts
     D:3: 1152 daAuts
     D:8: 1076 daAuts
     D:4: 1068 daAuts
     D:5: 1065 daAuts
     D:2: 1052 daAuts
     D:6: 1043 daAuts
  Lair:2: 870 daAuts
